 Dungeon Crawl Stone Soup version 0.20-a0-464-g526fb3c (webtiles) character file.

1906 Laphicet the Covered (level 9, -3/71 HPs)
             Began as a Barachian Fighter on Jan 9, 2017.
             Was a Priest of Okawaru.
             Slain by a two-headed ogre
             ... wielding a +0 giant spiked club
              (20 damage)
             ... on level 6 of the Dungeon on Jan 11, 2017.
             The game lasted 00:16:25 (6926 turns).

Laphicet the Covered (Barachian Fighter)            Turns: 6926, Time: 00:16:26

Health: -3/71      AC: 17    Str: 17    XL:     9   Next: 16%
Magic:  7/9        EV:  8    Int:  6    God:    Okawaru [***...]
Gold:   246        SH: 12    Dex: 11    Spells: 8/8 levels left

rFire  . . .     SeeInvis .     a - +0 long sword
rCold  . . .     Gourm    .     j - +0 plate armour
rNeg   . . .     Faith    .     c - +0 shield
rPois  .         Spirit   .     s - +2 hat
rElec  .         Reflect  .     (no cloak)
rCorr  .         Harm     .     (no gloves)
MR     .....                    (no boots)
Stlth  ..........               (no amulet)
                                (no ring)
                                n - ring of flight

@: about to teleport, heroism, slow
A: swims, slowness 1, strong legs 1
a: Hop, Heroism, Renounce Religion, Evoke Flight


You were on level 6 of the Dungeon.
You worshipped Okawaru.
Okawaru was most pleased with you.
You were hungry.

You visited 2 branches of the dungeon, and saw 7 of its levels.

You collected 246 gold pieces.

Inventory:

Hand Weapons
 a - a +0 long sword (weapon)
Missiles
 m - 5 javelins (quivered)
Armour
 c - a +0 shield (worn)
 j - a +0 plate armour (worn)
 s - a +2 hat (worn)
Jewellery
 n - a ring of flight (left hand)
Scrolls
 b - a scroll of amnesia {unknown}
 e - 2 scrolls of enchant weapon
 h - a scroll of recharging {unknown}
 k - 2 scrolls of magic mapping {unknown}
 l - 4 scrolls of remove curse
 p - a scroll of teleportation
 q - a scroll of fog
 r - a scroll of enchant armour {unknown}
Potions
 g - a potion of curing
 o - a potion of brilliance
 z - a potion of might
Books
 x - a book of Changes

   Spells                             Type                      Level
   a - Beastly Appendage              Transmutation                1
   b - Sticks to Snakes               Transmutation                2
   c - Spider Form                    Transmutation/Poison         3
   d - Ice Form                       Ice/Transmutation            4
   e - Blade Hands                    Transmutation                5
Comestibles
 f - 5 bread rations
 u - a meat ration
 w - 3 fruits


   Skills:
 + Level 6.4(11.4) Fighting
 + Level 6.1(11.1) Long Blades
 + Level 6.6(11.6) Armour
 + Level 5.0(10.0) Dodging
 + Level 6.0(11.0) Shields


You had 8 spell levels left.
You didn't know any spells.

Dungeon Overview and Level Annotations

Branches:
Dungeon (6/15)             Temple (1/1) D:4

Altars:
Ashenzari
Cheibriados
Dithmenos
Fedhas
Gozag
Hepliaklqana
Kikubaaqudgha
Makhleb
Nemelex Xobeh
Okawaru
Qazlal
Ru
Sif Muna
Trog
Uskayaw
Vehumet
Xom
Yredelemnul
Zin
The Shining One

Annotations:
D:3 Uhlv's ghost, amateur HaMo


Innate Abilities, Weirdness & Mutations

You can swim through water.
You cover ground slowly.
You can hop short distances.


Message History

The two-headed ogre hits you with a giant club.
You hit the two-headed ogre.
The two-headed ogre is moderately wounded.
The two-headed ogre hits you with a giant spiked club!
The two-headed ogre hits you with a giant club!
You are too injured to fight recklessly!
You are too injured to fight recklessly!
You hit the two-headed ogre.
The two-headed ogre is moderately wounded.
You hit the two-headed ogre but do no damage.
The two-headed ogre is moderately wounded.
You block the two-headed ogre's attack.
The two-headed ogre hits you with a giant club!
* * * LOW HITPOINT WARNING * * *
Unknown command.
Unknown command.
As you read the scroll of teleportation, it crumbles to dust.
You feel strangely unstable.
The two-headed ogre hits you with a giant spiked club!!
You die...

#..............#.......#....
#..............#.......#....
#..........<...#.......'....
#..............###+#####....
########....................
#.....<..............
#....................
#....................
#...@..###≈###..<....
####O..# ≈#.#...#### ..###
.###....# .... ≈#........#
....# ≈#.###....' ##+#.. ≈
#...#### ... ##....... ...
......... ..#.......


You could see a two-headed ogre.

Vanquished Creatures
  The ghost of kroki the Chopper, a novice BaBe of Trog (D:5)
  The ghost of asdu the Grave Robber, an amateur OgWn of Makhleb (D:6)
  Edmund (D:4)
  A sky beast (D:6)
  An ice beast (D:5)
  A phantom (D:5)
  2 centaurs (D:5)
  2 bullfrogs (D:6)
  3 scorpions
  A crimson imp (D:5)
  A hound (D:6)
  2 orc priests
  2 iguanas
  5 orc wizards
  3 worker ants (D:5)
  4 gnolls (D:4)
  7 adders
  A shadow imp (D:5)
  2 oozes
  An adder skeleton (D:4)
  A worm (D:3)
  5 dart slugs
  4 leopard geckos
  5 orcs
  3 giant cockroaches
  6 goblins
  4 hobgoblins
  8 jackals
  4 kobolds
  2 quokkas (D:5)
  6 bats
  4 frilled lizards
  A jackal skeleton (D:5)
  A quokka skeleton (D:5)
  6 rats
102 creatures vanquished.

Notes
Turn   | Place    | Note
-------+----------+-------------------------------------------
     0 | D:1      | Laphicet the Barachian Fighter began the quest for the Orb.
     0 | D:1      | Reached XP level 1. HP: 18/18 MP: 1/1
   161 | D:1      | Reached XP level 2. HP: 23/24 MP: 2/2
   213 | D:1      | Reached skill level 1 in Dodging
   636 | D:2      | Reached XP level 3. HP: 26/29 MP: 3/3
  1056 | D:2      | Reached XP level 4. HP: 26/37 MP: 4/4
  2269 | D:3      | Noticed Uhlv's ghost (amateur HaMo)
  2277 | D:4      | Found an opulent altar of Gozag.
  2277 | D:4      | Found a hazy altar of Hepliaklqana.
  2278 | D:4      | Found a burning altar of Makhleb.
  2422 | D:4      | Found a staircase to the Ecumenical Temple.
  2434 | Temple   | Entered the Ecumenical Temple
  2678 | Temple   | Became a worshipper of Warmaster Okawaru
  2776 | D:4      | Reached XP level 5. HP: 40/42 MP: 5/5
  2838 | D:4      | Noticed Edmund
  2861 | D:4      | Killed Edmund
  2861 | D:4      | Reached XP level 6. HP: 39/48 MP: 6/6
  2987 | D:4      | Found a snail-covered altar of Cheibriados.
  2996 | D:4      | Found a sparkling altar of Nemelex Xobeh.
  2998 | D:4      | Found a shattered altar of Ashenzari.
  4095 | D:4      | Reached XP level 7. HP: 55/55 MP: 7/7
  4464 | D:4      | Noticed a fire elemental
  4466 | D:4      | Found a stormy altar of Qazlal.
  4467 | D:4      | Noticed an air elemental
  4467 | D:4      | Noticed a water elemental
  4735 | D:4      | You fall through a shaft for 2 floors!
  4809 | D:5      | Entered Level 5 of the Dungeon
  4947 | D:6      | Noticed asdu's ghost (amateur OgWn)
  4967 | D:6      | Killed asdu's ghost
  4967 | D:6      | Reached * piety under Okawaru
  4967 | D:6      | Reached skill level 5 in Fighting
  4967 | D:6      | Reached skill level 5 in Armour
  4967 | D:6      | Reached skill level 5 in Shields
  5205 | D:6      | Reached XP level 8. HP: 12/62 MP: 8/8
  5571 | D:6      | Reached ** piety under Okawaru
  5571 | D:6      | Reached skill level 5 in Long Blades
  5666 | D:5      | Noticed kroki's ghost (novice BaBe)
  5812 | D:5      | Upgraded the game from 0.20-a0-454-g2b43fbb to 0.20-a0-464-g526fb3c
  6825 | D:5      | Killed kroki's ghost
  6825 | D:5      | Reached *** piety under Okawaru
  6825 | D:5      | Reached skill level 5 in Dodging
  6825 | D:5      | Reached XP level 9. HP: 55/71 MP: 6/9
  6918 | D:6      | Noticed a two-headed ogre
  6926 | D:6      | Slain by a two-headed ogre

Vault maps used:
D:1:      dpeg_arrival_lava_altar
D:3:      kennysheep_the_goblin_king, first_bread, kennysheep_jessica_study
D:4:      grunt_temple_overflow_open, grunt_decor_arrowhead,
          nicolae_qazlal_style_of_elements, uniq_edmund
D:6:      basic_altar, grunt_decor_cap, uniq_grinder
Temple:   minmay_temple_curvy_branch

Skill      XL: |  1  2  3  4  5  6  7  8 |
---------------+-------------------------+-----
Dodging        | 1 2 3 5 |  5.0
Long Blades    | 3 4 6 |  6.1
Shields        | 4 5 6 |  6.0
Fighting       | 4 5 6 |  6.4
Armour         | 4 5 6 |  6.6

Action                   |  1- 3 |  4- 6 |  7- 9 || total
-------------------------+-------+-------+-------++-------
Melee: Long sword        |   148 |   232 |   308 ||   688
Invok: Heroism           |       |       |     2 ||     2
 Abil: Hop               |     1 |       |       ||     1
  Use: Potion            |       |     6 |     3 ||     9
       Scroll            |       |     2 |     8 ||    10
  Eat: Chunk             |     1 |     7 |     6 ||    14
       Meat ration       |       |     1 |       ||     1
       Royal jelly       |       |       |     1 ||     1
       Fruit             |       |       |     1 ||     1
Armor: Scale mail        |    10 |       |       ||    10
       Plate armour      |   117 |   214 |   156 ||   487
Dodge: Dodged            |    19 |    32 |    26 ||    77
Block: Shield            |   109 |   111 |   141 ||   361
       Rpst.: Long sword |     5 |     4 |     6 ||    15
